 Dungeon Sprint DCSS version 0.27-a0-633-gc6addc0a40 (webtiles) character file.

Game seed: 3633696757480768329

44284 mhtbhm the Severer (level 14, -1/104 HPs)
             Began as a Gargoyle Fighter on Mar 13, 2021.
             Was the Champion of Trog.
             Killed from afar by a hell hog (40 damage)
             ... with a fireball
             ... in the Dungeon (Sprint VII: "The Pits").
             The game lasted 00:11:26 (3988 turns).

mhtbhm the Severer (Gargoyle Fighter)               Turns: 3988, Time: 00:11:27

Health: -1/104     AC: 33    Str: 23    XL:     14   Next: 28%
Magic:  4/4        EV: 13    Int: 11    God:    Trog [******]
Gold:   36         SH: 15    Dex:  9    Spells: 13/13 levels left

rFire    . . .     SeeInvis .   a - +9 broad axe (antimagic)
rCold    . . .     Faith    .   c - +0 kite shield
rNeg     + . .     Spirit   .   b - +4 scale mail
rPois    ∞         Reflect  .   p - +0 helmet
rElec    +         Harm     .   (no cloak)
rCorr    .         Rampage  .   (no gloves)
Will     +....     NoTele   +   o - +0 pair of boots
Stlth    +.........             (no amulet)
HPRegen  0.27/turn              m - +3 ring of protection
MPRegen  0.09/turn              n - +3 ring of protection

@: no status effects
A: AC +10, big wings, negative energy resistance 1, electricity resistance,
torment resistance 1, unbreathing 1, petrification resistance, mutation
resistance 1, no potion heal 1
a: Fly, Renounce Religion, Berserk, Trog's Hand, Brothers in Arms


You were in the Dungeon.
You worshipped Trog.
Trog was exalted by your worship.
You visited 1 branch You collected 36 gold pieces.

Inventory:

Hand Weapons
 a - a +9 antimagic broad axe (weapon)
 E - the +1 broad axe of Gikedd {vorpal, +Blink rPois Int+2 SInv}
   (Trog gifted it to you in the Dungeon)

   It inflicts extra damage upon your enemies.
   It affects your intelligence (+2).
   It protects you from poison.
   It lets you see invisible.
   It lets you blink.
Missiles
 q - a curare-tipped dart (quivered)
 D - 14 silver javelins
Armour
 b - a +4 scale mail (worn)
 c - a +0 kite shield (worn)
 o - a +0 pair of boots (worn)
 p - a +0 helmet (worn)
Jewellery
 m - a +3 ring of protection (right hand)
 n - a +3 ring of protection (left hand)
 x - a ring of see invisible
 z - a ring of protection from cold
Scrolls
 j - a scroll of blinking
 l - a scroll of summoning
 r - 2 scrolls of identify
 s - 2 scrolls of fear
 t - 3 scrolls of enchant weapon
 u - a scroll of fog
 v - 2 scrolls of enchant armour
Potions
 d - 3 potions of might
 e - 8 potions of curing
 f - 4 potions of heal wounds
 g - 4 potions of haste
 h - 4 potions of magic
 i - 6 potions of berserk rage
 k - 2 potions of invisibility
 w - a potion of mutation
Miscellaneous
 B - a tin of tremorstones (2/2)
 C - a condenser vane


   Skills:
 + Level 18.7 Fighting
 + Level 19.9 Axes
 + Level 14.6 Armour
 + Level 9.7 Dodging
 + Level 5.9 Stealth
 + Level 19.4 Shields


You had 13 spell levels left.
You didn't know any spells.
Your spell library was empty.

Dungeon Overview and Level Annotations

Branches:
Dungeon (1/1)

Altars:
Ashenzari
Cheibriados
Dithmenos
Elyvilon
Fedhas
Gozag
Hepliaklqana
Kikubaaqudgha
Makhleb
Nemelex Xobeh
Okawaru
Qazlal
Ru
Sif Muna
Trog
Uskayaw
Vehumet
Wu Jian
Xom
Yredelemnul
Zin
The Shining One
Beogh
Jiyva
Lugonu


Innate Abilities, Weirdness & Mutations

Your stone body is resilient. (AC +10)
You are immune to poison.
Your large and strong wings let you fly indefinitely.
You resist negative energy. (rN+)
You are resistant to electric shocks. (rElec)
You are resistant to unholy torment.
You can survive without breathing.
You are immune to petrification.
You are somewhat resistant to further mutation.
Potions are less effective at restoring your health.


Message History

You slice the elephant!!
The elephant is heavily wounded.
The elephant closely misses you.
The elephant trunk-slaps you but does no damage.
You slice the elephant!!
You kill the elephant!
Trog accepts your kill. You block the bog body's attack.
Items here: ))) = [ †.
You slice the bog body like a ripe choko!!!
You destroy the bog body!
Trog accepts your kill.
Trog appreciates your killing of a magic user.
You hear an angry squeal. x2; You hear a trumpeting!
Things that are here:
a staff of conjuration; a bog body corpse A hell hog comes into view.
Found 15 gold pieces.
The hell hog breathes fire at you.
The fireball explodes!
The fireball engulfs you but does no damage.
The fireball engulfs the hell hog.
The hell hog resists.
You hear an angry squeal.
You barely miss the hell hog.
The hell hog is lightly wounded.
You block the hell hog's attack.
A hell hog comes into view.
You slice the hell hog!!
The hell hog is severely wounded.
You block the hell hog's attack.
An elephant comes into view.
You slice the hell hog!!
The hell hog is almost dead.
You block the hell hog's attack.
You slice the hell hog!!
You kill the hell hog!
Trog accepts your kill. The hell hog breathes fire at you.
The fireball explodes!
The fireball engulfs you!!!
You die...

,,,,,*,,,,,,,,*,,,,,,,,,*,,++..#.
,,,,,*,,,,,,,,*,,,,,,,,,*,,++....
****************************#....
**************###############..#.
,,,,,**,,,,,,,.............''....
,,,,,**,,,,,,,.......)†....''....
,,,,,**,,*****########[##..##..#.
,,,,,**,,**,*,#.#.#.#)#†#..##....
,,,,,**,,*,*,*,#@#|#†#†##..##....
,,,,,**,,**,*,#$#(#)#)#[#..####''
,,,,,**,,*,*,#h#.#!#)#.##..####['
,,,,,**,,**,#Y#.#†#.#.#.#..##..).
*******,,*###############..##.#'#
######*,,,.................##.#.|
____.#*,,,.................##,+).
____.#****######''##########*,#|)
__...###########''######*###*,+..


You could see an elephant and a hell hog (catching breath).

Vanquished Creatures
  A pearl dragon (D)
  A bone dragon (D)
  An electric golem (D)
  Snorg (D)
  A deep elf death mage (D)
  2 naga warriors (D)
  An alligator snapping turtle (D)
  Harold (D)
  A death knight (D)
  2 merfolk avatars (D)
  A vampire mage (D)
  3 hell hogs (D)
  A sun demon (D)
  A sea snake (D)
  A sixfirhy (D)
  A swamp dragon (D)
  An unseen horror (D)
  A bog body (D)
  A wizard (D)
  2 ugly things (D)
  A manticore (D)
  An orc knight (D)
  An orc sorcerer (D)
  A black mamba (D)
  5 elephants (D)
  A guardian serpent (D)
  Psyche (D)
  2 orange demons (D)
  A molten gargoyle (D)
  A kobold demonologist (D)
  A freezing wraith (D)
  2 demonic crawlers (D)
  2 rime drakes (D)
  A guardian mummy (D)
  An efreet (D)
  A hellwing (D)
  A troll (D)
  A tyrant leech (D)
  A wandering mushroom (D)
  A polar bear (D)
  A jumping spider (D)
  A hornet (D)
  20 dream sheep (D)
  A spriggan (D)
  2 basilisks (D)
  A wyvern (D)
  A tarantella (D)
  A fire bat (D)
  2 steam dragons (D)
  3 vampire mosquitoes (D)
  6 nagas (D)
  3 floating eyes (D)
  4 orc warriors (D)
  2 ice beasts (D)
  An ogre (D)
  4 wolves (D)
  3 kobold brigands (D)
  A gnoll sergeant (D)
  8 killer bees (D)
  A scorpion (D)
  A hound (D)
  A quasit (D)
  A gnoll shaman (D)
  2 hell rats (D)
  A worker ant (D)
  2 orc wizards (D)
  9 gnolls (D)
  2 river rats (D)
  An adder (D)
  3 ufetubi (D)
  An ooze (D)
  An adder skeleton (D)
  2 leopard geckos (D)
  11 orcs (D)
  A bat zombie (D)
  2 giant cockroaches (D)
  2 goblins (D)
  2 bats (D)
  5 kobolds (D)
168 creatures vanquished.

Vanquished Creatures (collateral kills)
  Dispater (D)
  A bone dragon (D)
  A cacodemon (D)
  A lorocyproca (D)
  A minotaur (D)
  An unseen horror (D)
  2 elephants (D)
8 creatures vanquished.

Vanquished Creatures (others)
  A dream sheep (D)
1 creature vanquished.

Grand Total: 177 creatures vanquished

Notes
Turn   | Place    | Note
-------+----------+-------------------------------------------
     0 | D        | mhtbhm the Gargoyle Fighter began the quest for the Orb.
     0 | D        | Reached XP level 1. HP: 14/14 MP: 1/1
    34 | D        | Found a bloodstained altar of Trog.
    34 | D        | Found a shimmering blue altar of Sif Muna.
    34 | D        | Found a viscous altar of Jiyva.
    34 | D        | Found a hazy altar of Hepliaklqana.
    34 | D        | Found an opulent altar of Gozag.
    35 | D        | Found a glowing golden altar of the Shining One.
    35 | D        | Found a glowing silver altar of Zin.
    35 | D        | Found a shimmering altar of Xom.
    35 | D        | Found an ornate altar of the Wu Jian Council.
    35 | D        | Found a sacrificial altar of Ru.
    35 | D        | Found a stormy altar of Qazlal.
    35 | D        | Found an iron altar of Okawaru.
    35 | D        | Found a sparkling altar of Nemelex Xobeh.
    35 | D        | Found a burning altar of Makhleb.
    35 | D        | Found a blossoming altar of Fedhas.
    35 | D        | Found a white marble altar of Elyvilon.
    35 | D        | Found a shadowy altar of Dithmenos.
    35 | D        | Found a snail-covered altar of Cheibriados.
    37 | D        | Found a radiant altar of Vehumet.
    37 | D        | Found a corrupted altar of Lugonu.
    39 | D        | Became a worshipper of Trog the Wrathful
    82 | D        | Noticed a floating eye
    84 | D        | Paralysed by a floating eye for 3 turns
    89 | D        | Killed a floating eye
    89 | D        | Reached * piety under Trog
    90 | D        | Reached XP level 2. HP: 22/22 MP: 2/2
    90 | D        | Reached XP level 3. HP: 27/27 MP: 3/3
    90 | D        | Reached XP level 4. HP: 32/32 MP: 4/4
   100 | D        | Noticed an ogre
   106 | D        | Killed an ogre
   106 | D        | Reached ** piety under Trog
   107 | D        | Reached XP level 5. HP: 25/38 MP: 5/5
   354 | D        | Noticed an ice beast
   360 | D        | Reached *** piety under Trog
   361 | D        | Reached skill level 5 in Axes
   361 | D        | Reached XP level 6. HP: 44/44 MP: 6/6
   365 | D        | Reached **** piety under Trog
   372 | D        | Noticed an orc warrior
   377 | D        | Killed an ice beast
   378 | D        | Reached skill level 1 in Dodging
   396 | D        | Killed an orc warrior
   397 | D        | Reached XP level 7. HP: 24/50 MP: 7/7
   582 | D        | Reached ***** piety under Trog
   585 | D        | Noticed an elephant
   605 | D        | Killed an elephant
   606 | D        | Reached skill level 10 in Shields
   774 | D        | Noticed a fire bat
   785 | D        | Killed a fire bat
   785 | D        | Identified the +9 scimitar "Tom Toichupn" {antimagic, +Rage
                  | rPois Int-3} (Trog gifted it to you in the Dungeon)
   785 | D        | Received a gift from Trog
   786 | D        | Reached XP level 8. HP: 50/56 MP: 8/8
   792 | D        | Noticed a hornet
   810 | D        | Killed a hornet
   870 | D        | Killed an unseen horror
   871 | D        | Reached skill level 10 in Fighting
   871 | D        | Reached skill level 10 in Axes
   871 | D        | Reached skill level 10 in Armour
   871 | D        | Reached XP level 9. HP: 25/63 MP: 9/9
  1140 | D        | Found a hide-covered altar of Uskayaw.
  1140 | D        | Found an ancient bone altar of Kikubaaqudgha.
  1140 | D        | Found a broken altar of Ashenzari.
  1166 | D        | Noticed Psyche
  1175 | D        | Killed Psyche
  1176 | D        | Received a gift from Trog
  1239 | D        | Noticed a jumping spider
  1248 | D        | Reached ****** piety under Trog
  1249 | D        | Killed a jumping spider
  1251 | D        | Reached XP level 10. HP: 70/70 MP: 10/10
  1251 | D        | Received a gift from Trog
  1311 | D        | Paralysed by a floating eye for 2 turns
  1360 | D        | Received a gift from Trog
  1379 | D        | Noticed a kobold demonologist
  1388 | D        | Noticed a sixfirhy
  1392 | D        | Received a gift from Trog
  1394 | D        | Killed a kobold demonologist
  1405 | D        | Received a gift from Trog
  1711 | D        | Noticed Harold
  1725 | D        | Killed Harold
  1725 | D        | Received a gift from Trog
  1726 | D        | Reached skill level 5 in Dodging
  1880 | D        | Noticed a manticore
  1888 | D        | Reached XP level 11. HP: 76/76 MP: 11/11
  1889 | D        | Reached skill level 1 in Stealth
  1897 | D        | Killed a manticore
  1899 | D        | Received a gift from Trog
  1949 | D        | Received a gift from Trog
  2012 | D        | Noticed a wizard
  2014 | D        | Killed a wizard
  2017 | D        | Received a gift from Trog
  2049 | D        | Reached skill level 15 in Shields
  2052 | D        | Received a gift from Trog
  2074 | D        | Reached skill level 15 in Axes
  2155 | D        | Noticed a white ugly thing
  2159 | D        | Paralysed by a floating eye for 2 turns
  2164 | D        | Paralysed by a floating eye for 2 turns
  2172 | D        | Killed a white ugly thing
  2174 | D        | Received a gift from Trog
  2351 | D        | Noticed a bone dragon
  2351 | D        | Noticed a cacodemon
  2351 | D        | Noticed a minotaur
  2356 | D        | Killed a minotaur
  2356 | D        | Gained mutation: You are somewhat resistant to further
                  | mutation. [a cacodemon]
  2364 | D        | Killed a bone dragon
  2364 | D        | Gained mutation: Potions are less effective at restoring
                  | your health. [a cacodemon]
  2365 | D        | Reached XP level 12. HP: 61/86 MP: 4/12
  2365 | D        | Received a gift from Trog
  2365 | D        | Killed a lorocyproca
  2368 | D        | Killed a cacodemon
  2482 | D        | Noticed a naga warrior
  2490 | D        | Received a gift from Trog
  2504 | D        | Killed a naga warrior
  2505 | D        | Reached skill level 15 in Fighting
  2576 | D        | Noticed a vampire mage
  2579 | D        | Noticed a jiangshi
  2579 | D        | Noticed Snorg
  2593 | D        | Killed a vampire mage
  2593 | D        | Received a gift from Trog
  2599 | D        | Killed Snorg
  2855 | D        | Noticed a merfolk avatar
  2880 | D        | Killed a merfolk avatar
  2935 | D        | Noticed a naga warrior
  2953 | D        | Killed a naga warrior
  2953 | D        | Identified the +1 broad axe of Gikedd {vorpal, +Blink rPois
                  | Int+2 SInv} (Trog gifted it to you in the Dungeon)
  2953 | D        | Received a gift from Trog
  3140 | D        | Noticed an electric golem
  3159 | D        | Killed an electric golem
  3160 | D        | Reached XP level 13. HP: 94/94 MP: 4/13
  3306 | D        | Found the +4 staff of Dispater
  3306 | D        | Noticed Dispater
  3324 | D        | Noticed a Hell Sentinel
  3333 | D        | Killed Dispater
  3388 | D        | Noticed a bone dragon
  3414 | D        | Killed a bone dragon
  3644 | D        | Noticed a pearl dragon
  3654 | D        | Killed a pearl dragon
  3655 | D        | Reached skill level 5 in Stealth
  3865 | D        | Noticed a deep elf death mage
  3866 | D        | Identified the +3 dagger of Foippey {freeze, Dex+2}
  3893 | D        | Received a gift from Trog
  3898 | D        | Killed a deep elf death mage
  3915 | D        | Received a gift from Trog
  3922 | D        | Gained mutation: Your large and strong wings let you fly
                  | indefinitely. [Gargoyle growth]
  3922 | D        | Reached XP level 14. HP: 56/103 MP: 4/14
  3928 | D        | Received a gift from Trog
  3951 | D        | Identified the +11 war axe of Recklessness {vorpal, +Inv
                  | rC+} (Trog gifted it to you in the Dungeon)
  3951 | D        | Received a gift from Trog
  3988 | D        | Killed from afar by a hell hog

Illustrated notes

Levels and vault maps discovered:
D:        pitsprint [storerooms_1, entrance_room_1, metal_vault_8, armoury_1,
          mini_pit_1, grid_room_1, main_hall_1, silver_pit, the_coven_1,
          the_vestibule_1, steel_vault_5, golden_pit, hallway_of_sentries,
          crystal_vault_6, iron_vault_1, final_vault]

Skill      XL: |  1  2  3  4  5  6  7  8  9 10 11 12 13 14 |
---------------+-------------------------------------------+-----
Axes           | 3 4 5 6 8 10 11 13 15 18 19 | 19.9
Fighting       | 6 7 8 9 10 11 12 14 16 17 18 | 18.7
Armour         | 6 7 8 9 10 12 13 14 | 14.6
Shields        | 6 7 9 10 11 12 14 16 17 18 19 | 19.4
Dodging        | 1 2 3 5 7 9 |  9.7
Stealth        | 2 3 5 |  5.9

Action                   |  1- 3 |  4- 6 |  7- 9 | 10-12 | 13-15 || total
-------------------------+-------+-------+-------+-------+-------++-------
Melee: War axe           |    10 |       |    20 |    84 |       ||   114
       Hand axe          |     9 |    57 |   109 |       |       ||   175
       Broad axe         |       |       |       |   206 |   144 ||   350
Invok: Berserk           |       |     2 |     5 |    10 |     3 ||    20
       Brothers in Arms  |       |       |       |     1 |     5 ||     6
       Trog's Hand       |       |       |       |       |     1 ||     1
  Use: Potion            |       |       |     2 |     2 |     6 ||    10
       Scroll            |       |       |       |       |     3 ||     3
 Stab: Distracted        |       |       |       |     1 |     1 ||     2
Armor: Scale mail        |    18 |     3 |    18 |   228 |    73 ||   340
       Chain mail        |       |    26 |   111 |       |       ||   137
Dodge: Dodged            |     6 |    17 |    23 |   142 |    35 ||   223
Block: Kite shield       |    12 |    27 |    84 |   273 |    78 ||   474

Table legend: (Time is in decaauts)
 A = Elapsed time spent in this place.
 B = Non-inter-level travel time spent in this place.
 C = Inter-level travel time spent in this place.
 D = Time resting spent in this place.
 E = Time spent auto-exploring this place.
 F = Levels seen in this place.
 G = Mean time per level.
                   A        B        C        D        E       F      G
               +--------+--------+--------+--------+--------+-----+--------+
         Total |   4091 |   4091 |      0 |   2314 |    226 |   1 | 4091.0 |
       Dungeon |   4091 |   4091 |      0 |   2314 |    226 |   1 | 4091.0 |
               +--------+--------+--------+--------+--------+-----+--------+

Top non-repeatable levels by time:
       D: 4091 daAuts
